 Dungeon Crawl Stone Soup version 0.30-a0-358-g0d69a1922f (webtiles) character file.

Game seed: 14711760815094888751

142 experimilk the Conjurer (level 5, -1/38 HPs)
             Began as a Draconian Conjurer on Nov 11, 2022.
             Slain by a gnoll sergeant
             ... wielding a +2 vorpal trident
              (2 damage)
             ... on level 2 of the Dungeon.
             The game lasted 00:06:12 (3440 turns).

experimilk the Conjurer (Draconian Conjurer)        Turns: 3440, Time: 00:06:13

Health: -1/38      AC:  5    Str:  9    XL:     5   Next: 3%
Magic:  3/8        EV: 12    Int: 20    God:
Gold:   114        SH:  0    Dex: 10    Spells: 2/8 levels left

rFire   . . .      SeeInvis .    a - +2 falchion (protect)
rCold   . . .      Faith    .    (no shield)
rNeg    . . .      Spirit   .    (body armour unavailable)
rPois   .          Reflect  .    (helmet restricted)
rElec   .          Harm     .    (no cloak)
rCorr   .          Rampage  .    (no gloves)
Will    .....                    (no boots)
Stlth   ++........               (no amulet)
HPRegen 0.26/turn                (no ring)
MPRegen 0.11/turn                (no ring)

@: no status effects
A: AC +5, unfitting armour, cold-blooded
a: no special abilities


You were on level 2 of the Dungeon.
You visited 1 branch of the dungeon, and saw 3 of its levels.

You collected 114 gold pieces.

Inventory:

Hand Weapons
 a - a +2 falchion of protection (weapon)
Potions
 b - a potion of berserk rage {unknown}
 c - a potion of cancellation {unknown}
 d - 2 potions of brilliance {unknown}
 e - a potion of might {unknown}
 f - a potion of curing {unknown}
 g - 4 potions of mutation {unknown}
 j - a potion of flight {unknown}
 k - a potion of degeneration {unknown}


   Skills:
 - Level 1.7 Dodging
 - Level 1.7 Stealth
 - Level 2.0 Spellcasting
 * Level 6.4 Conjurations


You had 2 spell levels left.
You knew the following spells:

 Your Spells              Type           Power      Damage    Failure   Level
a - Kindle Blastsparks    Fire/Tloc/Air  4%         2d10      43%         3
b - Magic Dart            Conj           100%       1d8       1%          1
z - Searing Ray           Conj           54%        2d6       1%          2

Your spell library contained the following spells:

 Spells                   Type           Power      Damage    Failure   Level
 Momentum Strike          Conj/Tloc      28%        3d8       6%          2
 Blink                    Tloc           4%         N/A       24%         2
 Dazzling Flash           Conj/Hex       28%        N/A       13%         3
 Fulminant Prism          Conj/Hex       7%         3d7       38%         4
 Iskenderun's Mystic Bla  Conj/Tloc      14%        2d5       38%         4
 Ignite Poison            Fire/Tmut/Pois 2%         N/A       43%         3
 Lesser Beckoning         Tloc           4%         N/A       43%         3
 Freezing Cloud           Conj/Ice/Air   5%         6-21      88%         5


Dungeon Overview and Level Annotations

Branches:
Dungeon (3/15)

Altars:

Annotations:
D:3 Robin


Innate Abilities, Weirdness & Mutations

Your plain brown scales are hard. (AC +5)
You cannot fit into any form of body armour.
You are cold-blooded and may be slowed by cold attacks.


Message History

You see here a +0 dagger.
You start resting.
HP restored.
You start resting.
Magic restored.
You start waiting.
Done waiting.
Things that are here:
a +0 short sword; a +0 club
There is a stone staircase leading down here.
You climb downwards.
Level annotation: Robin The gnoll shouts!
The gnoll sergeant misses you.
There is a stone staircase leading up, spattered with blood here.
The gnoll sergeant hits you with a +2 vorpal trident!
You climb upwards.
There is a stone staircase leading down here.
Casting: Searing Ray (safe; 1% risk of failure)
Confirm with . or Enter, or press ? or * to list all spells.
Aiming: Searing Ray (safe; 1% risk of failure)
Press: ? - help, Shift-Dir - straight line, f - gnoll sergeant
Aim: a gnoll sergeant, wielding a +2 vorpal trident, wearing a +0 plate armour and wearing a ring of ice (90% to hit)
The searing ray hits the gnoll sergeant.
The gnoll sergeant is lightly wounded. (Press . to maintain the ray.)
The gnoll sergeant hits you with a +2 vorpal trident.
The searing ray hits the gnoll sergeant.
The gnoll sergeant is moderately wounded.
The gnoll sergeant barely misses you.
The searing ray hits the gnoll sergeant but does no damage.
The gnoll sergeant is moderately wounded.
The gnoll sergeant hits you with a +2 vorpal trident!
* * * LOW HITPOINT WARNING * * *
x2 The searing ray hits the gnoll sergeant.
The gnoll sergeant is heavily wounded.
You finish channelling your searing ray.
The gnoll sergeant hits you with a +2 vorpal trident!
* * * LOW HITPOINT WARNING * * *
You die...

####.รท......##..#....####.....#
#
..[)>..####.##..#...#####..##.###
.##.###...#.##......###..........
.........[..............##.....##
.##.#####......##...######......#
.##.# ##.##..##...# ##.###..
#...# #.##.......#### #.# #.#
#...# #.............####.###.#
#...# #.#.###@...)............
#...# #.#.###.g###............
#...# #.#..###)###............
#...# #.##(###.......)....(...
##.## ##.##...#####.....)......
#.# ###..####...# #...........)
#.# #...## ###.###............
#.####.### #...#............
#...##.# ###.#............


You could see a gnoll sergeant.

Vanquished Creatures
  Jessica (D:2)
  2 gnolls (D:3)
  3 adders
  3 worms (D:2)
  A dart slug (D:2)
  3 orcs (D:2)
  5 endoplasms
  4 giant cockroaches
  4 hobgoblins
  5 jackals
  8 kobolds
  A quokka (D:1)
  2 bats
  3 frilled lizards
  6 goblins
  5 rats
56 creatures vanquished.

Notes
Turn   | Place    | Note
-------+----------+-------------------------------------------
     0 | D:1      | experimilk the Draconian Conjurer began the quest for the
                  | Orb.
     0 | D:1      | Reached XP level 1. HP: 14/14 MP: 3/3
   348 | D:1      | Reached XP level 2. HP: 20/20 MP: 1/5
   404 | D:1      | Learned a level 2 spell: Searing Ray
  1242 | D:2      | Identified the +3 leather armour of Daisies {Will+}
  1257 | D:2      | Reached skill level 5 in Conjurations
  1272 | D:2      | Reached XP level 3. HP: 26/26 MP: 1/6
  1276 | D:2      | Learned a level 3 spell: Kindle Blastsparks
  1607 | D:2      | Noticed Jessica
  1609 | D:2      | Killed Jessica
  1610 | D:2      | Reached XP level 4. HP: 33/33 MP: 4/7
  2364 | D:2      | Reached skill level 6 in Conjurations
  2556 | D:3      | Noticed a gnoll sergeant
  3109 | D:3      | Reached XP level 5. HP: 38/38 MP: 3/8
  3279 | D:3      | Noticed Robin
  3440 | D:2      | HP: 1/38 [gnoll sergeant/+2 vorpal trident (7)]
  3440 | D:2      | Slain by a gnoll sergeant

Illustrated notes

Levels and vault maps discovered:
D:1:      dpeg_arrival_tiny_h, layout_basic
D:2:      layout_rooms, uniq_jessica
D:3:      layout_rooms, trog_hazing_becter, serial_shops, shop,
          grunt_ministairs_3, uniq_robin

Skill      XL: |  1  2  3  4 |
---------------+-------------+-----
Conjurations   | 5 6 |  6.4
Dodging        | |  1.7
Stealth        | |  1.7
Spellcasting   | |  2.0

Action                   |  1- 3 |  4- 6 || total
-------------------------+-------+-------++-------
Melee: Unarmed           |    15 |       ||    15
       Tailslap          |     3 |       ||     3
       Falchion          |    14 |    10 ||    24
 Cast: Magic Dart        |    59 |    35 ||    94
       Searing Ray       |     4 |     8 ||    12
  Use: Potion            |     1 |       ||     1
       Scroll            |       |     4 ||     4
Armor: Skin              |    10 |    15 ||    25
Dodge: Dodged            |    24 |    29 ||    53

Table legend: (Time is in decaauts)
 A = Elapsed time spent in this place.
 B = Non-inter-level travel time spent in this place.
 C = Inter-level travel time spent in this place.
 D = Time resting spent in this place.
 E = Time spent auto-exploring this place.
 F = Levels seen in this place.
 G = Mean time per level.
                   A        B        C        D        E       F      G
               +--------+--------+--------+--------+--------+-----+--------+
         Total |   3455 |   3363 |     92 |   1594 |   1326 |   3 | 1151.7 |
       Dungeon |   3455 |   3363 |     92 |   1594 |   1326 |   3 | 1151.7 |
               +--------+--------+--------+--------+--------+-----+--------+

Top non-repeatable levels by time:
     D:2: 2136 daAuts
     D:1: 1176 daAuts
     D:3: 142 daAuts
